 Dungeon Crawl Stone Soup version 0.28-a0-384-g9e0c098162 (webtiles) character file.

Game seed: 5094593905615954541

294 serber55 the Insei (level 6, -1/41 HPs)
             Began as an Octopode Transmuter on Sept 2, 2021.
             Slain by Pikel (4 damage)
             ... on level 4 of the Dungeon.
             The game lasted 00:13:00 (4248 turns).

serber55 the Insei (Octopode Transmuter)            Turns: 4248, Time: 00:13:00

Health: -1/41      AC:  2    Str:  9    XL:     6   Next: 33%
Magic:  6/10       EV: 19    Int: 18    God:
Gold:   112        SH:  0    Dex: 17    Spells: 5/11 levels left

rFire   . . .      SeeInvis .     - Unarmed
rCold   . . .      Faith    .   (shield currently unavailable)
rNeg    . . .      Spirit   .   (helmet currently unavailable)
rPois   x          Reflect  .   (no amulet)
rElec   .          Harm     .   (no ring)
rCorr   .          Rampage  .   (no ring)
Will    .....                   (no ring)
Stlth   ++........              (no ring)
HPRegen 0.13/turn               (no ring)
MPRegen 0.12/turn               (no ring)
                                (no ring)
                                (no ring)

@: spider-form
A: venomous fangs, almost no armour, (amphibious), 8 rings, tiny, (camouflage
1), (gelatinous body 1), (nimble swimmer 1), (tentacles)
a: End Transformation


You were on level 4 of the Dungeon.
You were a venomous arachnid creature.
You visited 1 branch of the dungeon, and saw 4 of its levels.

You collected 112 gold pieces.

Inventory:

Hand Weapons
 e - a +1 hand axe of freezing
Missiles
 c - 12 poisoned darts (quivered)
 i - a throwing net
 l - 2 atropa-tipped darts
Wands
 b - a wand of paralysis (8)
 j - a wand of digging (7)
Scrolls
 d - a scroll of blinking
Potions
 a - a potion of heal wounds {unknown}
 f - a potion of might {unknown}
 h - a potion of lignification {unknown}
 k - a potion of degeneration {unknown}


   Skills:
 + Level 2.6 Fighting
 - Level 2.0 Dodging
 + Level 4.1 Unarmed Combat
 + Level 3.1 Spellcasting
 * Level 3.3 Transmutations
 - Level 3.0 Poison Magic


You had 5 spell levels left.
You knew the following spells:

 Your Spells              Type           Power      Damage    Failure   Level
a - Beastly Appendage     Tmut           28%        N/A       13%         1
b - Wereblood             Tmut           14%        N/A       17%         2
c - Spider Form           Tmut/Pois      7%         N/A       30%         3

Your spell library contained the following spells:

 Spells                   Type           Power      Damage    Failure   Level
 Tukima's Dance           Hex            2%         N/A       65%         3
 Ice Form                 Ice/Tmut       8%         N/A       82%         4
 Passage of Golubria      Tloc           N/A        N/A       95%         4
 Yara's Violent Unravell  Hex/Tmut       4%         3d4       98%         5


Dungeon Overview and Level Annotations

Branches:
Dungeon (4/15)
 Temple: D:4-7

Altars:
Cheibriados
Elyvilon
Okawaru

Shops:
D:4 [

Annotations:
D:4 Pikel


Innate Abilities, Weirdness & Mutations

You are a venomous arachnid creature.
You have poisonous fangs.
You are tiny and dextrous.
Your spellcasting is less reliable in this form.
Your armour is entirely melded.
You are incapable of wielding weapons or throwing items.
You cannot wear most types of armour.
((You are amphibious.))
You can wear up to eight rings at the same time.
((Your skin changes colour to match your surroundings (Stealth+).))
((Your rubbery body absorbs attacks. (AC +1, EV +1)))
((You are camouflaged near water. (Stealth+)))
((You have tentacles for arms and can constrict up to eight enemies at once.))


Message History

Pikel hits you with a +1 whip of freezing!
Pikel freezes you.
The orc shouts!
You hit Pikel.
Pikel is lightly wounded.
You hear a shout! x2
Pikel hits you with a +1 whip of freezing.
Pikel freezes you.
You hit Pikel.
Pikel is poisoned.
Pikel is moderately wounded.
You hit Pikel but do no damage.
Pikel is moderately wounded.
Pikel misses you.
You hit Pikel but do no damage.
Pikel looks as sick as possible!
Pikel is moderately wounded.
Pikel barely misses you.
An orc comes into view. It is wielding a +0 war axe.
You hit Pikel.
Pikel looks as sick as possible!
Pikel is heavily wounded.
Pikel says, "I'm sure the Orcish Mines are around here somewhere..."
Pikel barely misses you.
You hit Pikel but do no damage.
Pikel looks as sick as possible!
Pikel is severely wounded.
Pikel hits you with a +1 whip of freezing!
Pikel freezes you.
Your magical contamination has completely faded away.
You completely miss Pikel.
Pikel is severely wounded.
Pikel hits you with a +1 whip of freezing.
* * * LOW HITPOINT WARNING * * *
Pikel freezes you.
* * * LOW HITPOINT WARNING * * *
Things that are here:
a +0 hand axe; a +0 chain mail; an orc corpse You hit Pikel but do no damage.
Pikel looks as sick as possible!
Pikel is almost dead.
Pikel hits you with a +1 whip of freezing!
* * * LOW HITPOINT WARNING * * *
Pikel freezes you.
You die...

.# ..<########
..........# # ..
## ..#....).)#
'##'##'# #.
.......sK.#
5...#.....#.
.########5#.K55.#
....#. #.o##+
'##'. #.#..#
#..#.
#.#..#+###+#..#.
#.#..#.....#..#.
#.+..'.._..'..'.
#.#..#.....#..#.
#.#..#'###'#..#.


You could see Pikel (extremely poisoned), a lemure and an orc.

Vanquished Creatures
  A scorpion (D:3)
  An orc priest (D:3)
  Ijyb (D:3)
  Natasha (thrice) (D:3)
  2 shadow imps (D:3)
  A worm (D:2)
  3 dart slugs
  7 orcs (D:4)
  3 bats
  7 endoplasms
  A giant cockroach (D:3)
  7 goblins
  9 hobgoblins
  6 jackals
  A quokka (D:1)
  5 ball pythons
  4 frilled lizards
  8 kobolds
  4 rats
74 creatures vanquished.

Notes
Turn   | Place    | Note
-------+----------+-------------------------------------------
     0 | D:1      | serber55 the Octopode Transmuter began the quest for the
                  | Orb.
     0 | D:1      | Reached XP level 1. HP: 13/13 MP: 3/3
   306 | D:1      | Found a faded altar of an unknown god.
   337 | D:1      | Reached XP level 2. HP: 15/18 MP: 3/5
   428 | D:1      | Learned a level 2 spell: Wereblood
   956 | D:1      | Reached XP level 3. HP: 20/23 MP: 4/6
   961 | D:1      | Learned a level 3 spell: Spider Form
  1525 | D:2      | Reached skill level 1 in Poison Magic
  2008 | D:2      | Found a snail-covered altar of Cheibriados.
  2057 | D:3      | Noticed a scorpion
  2062 | D:3      | Killed a scorpion
  2063 | D:3      | Reached XP level 4. HP: 26/29 MP: 7/7
  2175 | D:3      | Noticed Ijyb
  2188 | D:3      | Killed Ijyb
  2189 | D:3      | Reached XP level 5. HP: 18/34 MP: 7/9
  2370 | D:3      | Found a transporter.
  2416 | D:3      | Found a transporter.
  2469 | D:3      | Noticed Natasha
  2478 | D:3      | Killed Natasha
  2962 | D:3      | Noticed Natasha
  2969 | D:3      | Killed Natasha
  2970 | D:3      | Reached skill level 4 in Unarmed Combat
  3317 | D:3      | Reached XP level 6. HP: 28/41 MP: 7/10
  3325 | D:3      | Noticed Natasha
  3580 | D:3      | Killed Natasha
  3834 | D:4      | Found Goilu's Antique Armour Emporium.
  3854 | D:4      | Found an iron altar of Okawaru.
  4042 | D:4      | Found a white marble altar of Elyvilon.
  4235 | D:4      | Noticed Pikel
  4248 | D:4      | Slain by Pikel

Illustrated notes

Levels and vault maps discovered:
D:1:      minmay_arrival_four_circles, layout_basic,
          shapermc_ecumenical_altar_notcrosses, minmay_misc_feat_encased
D:2:      layout_rooms, basic_altar
D:3:      gammafunk_wand_slinger, layout_basic, uniq_ijyb, uniq_natasha
D:4:      layout_rooms, beargit_hepliaklqana_dungeon_heroes,
          nicolae_vehumet_altar_sigil, mainiacjoe_overflow_24_doors,
          okawaru_ov_weapons_minmay, mainiacjoe_overflow_concentric_impassable,
          serial_shops, shop, nicolae_shop_temple_entry_statues_fountains,
          nicolae_shop_statue_plus, chequers_jeans, serial_bayou_pond_e,
          minmay_ruptured, uniq_grinder, uniq_edmund, uniq_menkaure, uniq_pikel

Skill      XL: |  1  2  3  4  5  6 |
---------------+-------------------+-----
Poison Magic   | 2 3 |  3.0
Fighting       | 2 |  2.6
Unarmed Combat | 4 |  4.1
Transmutations | 3 |  3.3
Spellcasting   | 3 |  3.1
Dodging        | |  2.0

Action                   |  1- 3 |  4- 6 || total
-------------------------+-------+-------++-------
Melee: Unarmed           |    88 |   104 ||   192
       Tentacles         |    19 |    12 ||    31
       Constrict         |    21 |    18 ||    39
       Kick              |     7 |    18 ||    25
       Punch             |       |     1 ||     1
Throw: Dart              |     5 |     3 ||     8
 Cast: Beastly Appendage |    19 |    13 ||    32
       Wereblood         |     1 |     4 ||     5
       Spider Form       |       |     3 ||     3
Evoke: Wand              |       |     1 ||     1
  Use: Potion            |     1 |       ||     1
       Scroll            |       |     5 ||     5
 Stab: Sleeping          |     2 |     3 ||     5
       Paralysed         |       |     5 ||     5
Armor: Skin              |       |     4 ||     4
Dodge: Dodged            |    44 |    66 ||   110

Table legend: (Time is in decaauts)
 A = Elapsed time spent in this place.
 B = Non-inter-level travel time spent in this place.
 C = Inter-level travel time spent in this place.
 D = Time resting spent in this place.
 E = Time spent auto-exploring this place.
 F = Levels seen in this place.
 G = Mean time per level.
                   A        B        C        D        E       F      G
               +--------+--------+--------+--------+--------+-----+--------+
         Total |   4235 |   4116 |    119 |   1427 |   2121 |   4 | 1058.8 |
       Dungeon |   4235 |   4116 |    119 |   1427 |   2121 |   4 | 1058.8 |
               +--------+--------+--------+--------+--------+-----+--------+

Top non-repeatable levels by time:
     D:3: 1659 daAuts
     D:1: 1387 daAuts
     D:2: 664 daAuts
     D:4: 524 daAuts
